 Dungeon Crawl Stone Soup version 0.31-a0-360-gb3e1d13bf4 (webtiles) character file.

Game seed: 2622876076745792219

358 Gelion the Changeling (level 6, -3/63 HPs)
             Began as an Octopode Shapeshifter on July 27, 2023.
             Slain by Robin
             ... wielding a +4 antimagic spear
              (6 damage)
             ... on level 4 of the Dungeon.
             The game lasted 00:06:45 (2649 turns).

Gelion the Changeling (Octopode Shapeshifter)       Turns: 2649, Time: 00:06:45

Health: -3/63      AC: 23    Str: 15    XL:     6   Next: 64%
Magic:  0/6        EV:  2    Int: 10    God:
Gold:   176        SH:  0    Dex: 14    Spells: 5/5 levels left

rFire   + . .        p - +5 dagger (venom)
rCold   + . .        (no shield)
rNeg    . . .        (helmet currently unavailable)
rPois   +            (no amulet)
rElec   +            (no ring)
rCorr   +            (no ring)
SInv    .            (no ring)
Will    .....        (no ring)
Stlth   +            (no ring)
HPRegen 0.30/turn    (no ring)
MPRegen 0.10/turn    (no ring)
                     (no ring)

%: no passive effects
@: brilliant, tree-form, resistant, hasted, invisible, very quick
A: stationary, stasis, torment immunity, boosted hp, almost no armour,
(amphibious), 8 rings, (camouflage 1), (gelatinous body 1), (nimble swimmer 1),
(tentacles)
a: no special abilities


You were on level 4 of the Dungeon.
You were a tree.
You visited 1 branch of the dungeon, and saw 4 of its levels.

You collected 176 gold pieces.

Inventory:

Hand Weapons
 p - a +5 dagger of venom (weapon)
Talismans
 b - a beast talisman
Scrolls
 i - a scroll of teleportation
Potions
 c - a potion of curing
 d - a potion of haste
 h - 2 potions of mutation


   Skills:
 + Level 3.0 Fighting
 + Level 2.5 Long Blades
 + Level 3.5 Dodging
 - Level 3.0 Unarmed Combat
 * Level 4.5 Shapeshifting


You had 5 spell levels left.
You didn't know any spells.
Your spell library contained the following spells:

 Spells                   Type           Power      Damage    Failure   Level
 Volatile Blastmotes      Fire/Tloc      0%         2d10      75%         3
 Fulminant Prism          Conj/Hex       0%         3d5       98%         4
 Iskenderun's Mystic Bla  Conj/Tloc      0%         2d3       98%         4


Dungeon Overview and Level Annotations

Branches:
Dungeon (4/15)
 Temple: D:4-7

Altars:

Annotations:
D:4 Robin


Innate Abilities, Weirdness & Mutations

You are a tree.
Your roots penetrate the ground, keeping you stationary.
You cannot be teleported.
You are immune to unholy pain and torment.
Your maximum health is greatly increased.
You cannot wear most types of armour.
((You are amphibious.))
You can wear up to eight rings at the same time.
((Your skin changes colour to match your surroundings (Stealth+).))
((Your rubbery body absorbs attacks. (AC +1, EV +1)))
((You are camouflaged when in or above water. (Stealth+)))
((You have tentacles for arms and can constrict up to eight enemies at once.))


Message History

Aim: Robin, wielding a +4 antimagic spear, wearing a +0 animal skin and wearing a +0 helmet (lightly wounded, poisoned, 64% to hit)
You throw a poisoned dart. The poisoned dart closely misses Robin.
The poisoned dart hits the gnoll.
The gnoll is poisoned.
Robin hits you but does no damage. Robin hits you but does no damage.
The hobgoblin no longer looks unusually strong.
Robin hits you but does no damage.
Unknown command.
Robin hits you but does no damage.
Unknown command.
Unknown command.
The goblin no longer looks unusually strong.
Robin hits you but does no damage.
Robin hits you from afar with a +4 antimagic spear.
* * * LOW HITPOINT WARNING * * *
Unknown command.
It was a potion of resistance.
You feel protected.
It was a potion of invisibility.
You fade into invisibility!
Robin looks more healthy.
Robin hits you from afar with a +4 antimagic spear.
* * * LOW HITPOINT WARNING * * *
You feel your power leaking away.
It was a potion of brilliance.
You feel clever all of a sudden. Robin hits you but does no damage.
Okay, then.
You cannot move.
The goblin no longer looks unusually strong.
The gnoll looks more healthy.
Robin barely misses you. Robin hits you but does no damage.
Robin barely misses you.
Robin hits you from afar with a +4 antimagic spear.
* * * LOW HITPOINT WARNING * * *
You feel your power leaking away. Robin barely misses you.
Robin hits you from afar with a +4 antimagic spear.
You die...

....................##.#
.....g..............##.#
.......gg...........##.#
.......ggg....$.....##.#
..##.###g#############.##
#. #g# #... # #g# ####
#)# #♣# #)# #.# #.# ..#
###


You could see Robin (unable to see you), 4 gnolls, a hobgoblin (unable to see
you) and 2 goblins.

Vanquished Creatures
  An ogre (D:4)
  A centaur (D:3)
  An orc priest (D:3)
  An iguana (D:4)
  An orc wizard (D:3)
  2 adders (D:3)
  3 dart slugs
  8 orcs
  3 ball pythons
  7 endoplasms
  4 giant cockroaches
  15 goblins
  4 hobgoblins
  4 jackals (D:2)
  5 kobolds
  2 quokkas
  5 bats
  A frilled lizard (D:1)
  7 rats
75 creatures vanquished.

Notes
Turn   | Place    | Note
-------+----------+-------------------------------------------
     0 | D:1      | Gelion the Octopode Shapeshifter began the quest for the
                  | Orb.
     0 | D:1      | Reached XP level 1. HP: 13/13 MP: 1/1
   200 | D:1      | Found a faded altar of an unknown god.
   206 | D:1      | Reached XP level 2. HP: 15/18 MP: 2/2
   942 | D:2      | Reached XP level 3. HP: 23/23 MP: 3/3
   944 | D:2      | Reached skill level 1 in Long Blades
  1625 | D:3      | Noticed a centaur
  1630 | D:3      | Killed a centaur
  1631 | D:3      | Reached XP level 4. HP: 19/29 MP: 4/4
  1631 | D:3      | Reached XP level 5. HP: 22/34 MP: 5/5
  1716 | D:3      | Reached skill level 4 in Shapeshifting
  2091 | D:3      | Reached XP level 6. HP: 37/41 MP: 6/6
  2404 | D:4      | Identified the +5 hand axe of Ucreq {vamp, Contam Dex+4
                  | SInv}
  2587 | D:4      | Noticed Robin
  2646 | D:4      | HP: 2/63 [Robin/+4 antimagic spear (4)]
  2649 | D:4      | Slain by Robin

Illustrated notes

Levels and vault maps discovered:
D:1:      lemuel_arrival_river_bridge, layout_loops_corners,
          hellmonk_ecumenical_altar_lost_god, hex_medium
D:2:      layout_basic, minmay_surrounded
D:3:      layout_loops_ring
D:4:      layout_basic, gup_sewer_entry_bowl, uniq_robin

Skill      XL: |  1  2  3  4  5  6 |
---------------+-------------------+-----
Long Blades    | 1 2 |  2.5
Fighting       | 2 3 |  3.0
Dodging        | 3 |  3.5
Shapeshifting  | 4 |  4.5
Unarmed Combat | |  3.0

Action                     |  1- 3 |  4- 6 || total
---------------------------+-------+-------++-------
  Melee: Unarmed           |    23 |       ||    23
         Constrict         |    15 |    13 ||    28
         Tentacles         |     9 |     9 ||    18
         Dagger            |    46 |    62 ||   108
         Punch             |     1 |     2 ||     3
  Throw: Dart              |       |     2 ||     2
    Use: Scroll            |     8 |     1 ||     9
         Potion            |       |     6 ||     6
   Stab: Sleeping          |     5 |     6 ||    11
         Distracted        |     1 |       ||     1
 Armour: Skin              |     3 |    19 ||    22
  Dodge: Dodged            |    36 |    26 ||    62

Table legend: (Time is in decaauts)
 A = Elapsed time spent in this place.
 B = Non-inter-level travel time spent in this place.
 C = Inter-level travel time spent in this place.
 D = Time resting spent in this place.
 E = Time spent auto-exploring this place.
 F = Levels seen in this place.
 G = Mean time per level.
                   A        B        C        D        E       F      G
               +--------+--------+--------+--------+--------+-----+--------+
         Total |   2634 |   2430 |    204 |     42 |   1901 |   4 |  658.5 |
       Dungeon |   2634 |   2430 |    204 |     42 |   1901 |   4 |  658.5 |
               +--------+--------+--------+--------+--------+-----+--------+

Top non-repeatable levels by time:
     D:1: 936 daAuts
     D:3: 775 daAuts
     D:2: 680 daAuts
     D:4: 242 daAuts
